 Dungeon Crawl Stone Soup version 0.27.1-1-g398f81649c (console) character file.

Game seed: 762450308820506194

20171 Theed the Cleaver (level 12, -4/115 HPs)
             Began as a Hill Orc Monk on Sept 17, 2021.
             Was a Priest of Beogh.
             Killed by refrigeration
             ... invoked by Fannar
              (15 damage)
             ... on level 12 of the Dungeon.
             The game lasted 00:33:46 (21408 turns).

Theed the Cleaver (Hill Orc Monk)                  Turns: 21408, Time: 00:33:47

Health: -4/115     AC: 18    Str: 19    XL:     12   Next: 76%
Magic:  17/17      EV:  7    Int: 14    God:    Beogh [***...]
Gold:   618        SH:  6    Dex: 13    Spells: 11/11 levels left

rFire    + . .     SeeInvis .   c - +0 broad axe (flame)
rCold    . . .     Faith    .   n - +1 buckler
rNeg     . . .     Spirit   .   p - +0 plate armour
rPois    .         Reflect  .   k - +0 helmet of Misanthropy {rElec rF+ Int+4}
rElec    +         Harm     .   E - scarf {repulsion}
rCorr    .         Rampage  .   L - +0 pair of gloves
Will     .....                  (no boots)
Stlth    ..........             z - amulet of the acrobat
HPRegen  0.29/turn              (no ring)
MPRegen  0.15/turn              (no ring)

@: repel missiles
A: no striking features
a: Renounce Religion, Smiting


You were on level 12 of the Dungeon.
You worshipped Beogh.
Beogh was most pleased with you.
You visited 2 branches of the dungeon, and saw 13 of its levels.
You also visited: Ossuary.

You collected 618 gold pieces.

Inventory:

Hand Weapons
 a - a +1 hand axe
 c - a +0 broad axe of flaming (weapon)
 l - a +0 war axe
 r - a +4 quarterstaff of chaos
 v - a +3 trident
 C - a +0 mace of protection
 J - the +5 hunting sling "Pimaorgh" {vorpal, rPois rN+}
   (You found it on level 10 of the Dungeon)

   Any ammunition fired from it inflicts extra damage upon your enemies.
   rPois:     It protects you from poison.
   rN:        It protects you from negative energy.
Missiles
 h - 242 stones (quivered)
 H - a throwing net
Armour
 d - a +0 cloak
 i - a +2 hat
 j - +0 acid dragon scales
 k - the +0 helmet of Misanthropy (worn) {rElec rF+ Int+4}
   (You took it off Robin on level 3 of the Dungeon)

   Int:       It affects your intelligence (+4).
   rF:        It protects you from fire.
   rElec:     It insulates you from electricity.
 n - a +1 buckler (worn)
 o - a +0 ring mail of poison resistance
 p - a +0 plate armour (worn)
 B - the +1 ring mail "Uziv" {+Inv rN++ Int-2 Dex+3}
   (You found it on level 7 of the Dungeon)

   Int:       It affects your intelligence (-2).
   Dex:       It affects your dexterity (+3).
   rN:        It greatly protects you from negative energy.
   +Inv:      It lets you turn invisible.
 E - a scarf of repulsion (worn)
 L - a +0 pair of gloves (worn)
 M - a +0 kite shield
 Q - the +3 salamander hide armour {Flames rF++ rC--}
   (You found it on level 12 of the Dungeon)

   It surrounds you with a cloud of flames.
   It grants immunity to clouds of flame.
   It enhances your fire magic.
   rF:        It greatly protects you from fire.
   rC:        It makes you very vulnerable to cold.
Jewellery
 x - a ring of magical power
 z - an amulet of the acrobat (around neck)
Wands
 b - a wand of flame (20)
 s - a wand of mindburst (27)
 F - a wand of iceblast (36)
 N - a wand of acid (5)
Scrolls
 e - 2 scrolls of identify
 t - 5 scrolls of enchant weapon
 w - 9 scrolls of teleportation
 y - 3 scrolls of fog
 O - a scroll of magic mapping
 P - a scroll of summoning
Potions
 f - 3 potions of lignification
 g - 4 potions of curing
 m - 6 potions of haste
 q - 10 potions of ambrosia
 u - 6 potions of flight
 D - 2 potions of magic
 G - 2 potions of brilliance
 I - a potion of might
 K - a potion of cancellation


   Skills:
 + Level 13.6 Fighting
 + Level 14.6 Axes
 + Level 12.2 Armour
 - Level 2.4 Dodging
 - Level 1.5 Stealth
 - Level 4.0 Shields
 + Level 7.4 Invocations


You had 11 spell levels left.
You didn't know any spells.
Your spell library contained the following spells:

 Spells                   Type           Power      Damage    Failure   Level
 Animate Skeleton         Necr           0%         N/A       99%         1
 Sandblast                Erth           0%         2d4       99%         1
 Passwall                 Tmut/Erth      0%         N/A       100%        2
 Dazzling Flash           Conj/Hex       0%         N/A       100%        3
 Iskenderun's Mystic Bla  Conj/Tloc      0%         2d3       100%        4
 Iskenderun's Battlesphe  Conj           0%         2d6       100%        5
 Lee's Rapid Deconstruct  Erth           0%         3d5*      100%        5
 Iron Shot                Conj/Erth      0%         9d1       100%        6
 Starburst                Conj/Fire      0%         6d3       100%        6
 Spellforged Servitor     Conj/Summ      0%         N/A       100%        7


Dungeon Overview and Level Annotations

Branches:
Dungeon (12/15)            Temple (0/1) D:6            Lair (1/6) D:10
Ossuary (visited)
    Orc: D:9-12

Altars:
Gozag
Hepliaklqana
Kikubaaqudgha
Makhleb
Qazlal
Ru
Sif Muna
Uskayaw
Vehumet
Xom
Zin

Shops:
D:8 (

Portals:
Trove: D:10 (show slimy rune of Zot)

Annotations:
D:5 Prince Ribbit
D:12 Fannar
Lair:1 1 runed translucent door, IBeShadow's ghost, novice MiCK


Message History

Fannar gestures wildly while chanting.
You hit Fannar but do no damage.
Fannar is moderately wounded.
Fannar closely misses you.
You hit Fannar but do no damage.
Fannar is moderately wounded.
You closely miss the ice beast. You hit the ice beast.
You melt the ice beast.
The ice beast is lightly wounded.
Fannar murmurs some mystic words to themself.
The ice beast hits you but does no damage.
You slice the ice beast!!
You melt the ice beast!
You kill the ice beast!
You slash Fannar! You burn Fannar.
Fannar is heavily wounded.
You block Fannar's attack.
You hit Fannar but do no damage.
Fannar is heavily wounded.
Fannar casts a spell at you. The bolt of cold hits you!
* * * LOW HITPOINT WARNING * * *
You slash Fannar! You burn Fannar!
Fannar is severely wounded.
Fannar hits you with a +0 quarterstaff of freezing.
* * * LOW HITPOINT WARNING * * *
Fannar freezes you.
* * * LOW HITPOINT WARNING * * *
You slash Fannar! You burn Fannar.
Fannar is almost dead.
Fannar hits you but does no damage.
You closely miss Fannar.
Fannar is almost dead.
Fannar points at you and mumbles some strange words.
The bolt of cold hits you!
* * * LOW HITPOINT WARNING * * *
You hit Fannar. You burn Fannar.
Fannar is almost dead.
Fannar mumbles some strange words.
Fannar drains the heat from the surrounding environment!
You die...

##############
#............#
#............######
#..).).............
#)..#+###........##
#...# ######...#. #e@.#
#...#. .......[.# #...#.
.........# #...#.
.........# #...##
.........# #.....
.........##########.....
........................
....................†...
#................
#................


You could see Fannar.

Vanquished Creatures
  2 hydras (Lair:1)
  2 two-headed ogres
  A salamander mystic (D:12)
  A deep elf pyromancer (D:12)
  3 salamanders (D:12)
  Maurice (D:8)
  A gargoyle (D:12)
  A black mamba (Lair:1)
  2 cane toads (Lair:1)
  Maggie (D:9)
  Psyche (D:10)
  An unseen horror (D:11)
  A queen bee (D:9)
  A komodo dragon (Lair:1)
  A troll (D:11)
  7 dream sheep (Lair:1)
  A wyvern (D:10)
  A shadow (D:12)
  20 yaks
  2 basilisks (D:10)
  A vampire (D:10)
  5 vampire mosquitoes
  6 water moccasins
  3 necrophages
  2 black bears
  An ice beast (D:8)
  2 orc warriors
  2 sky beasts
  6 wolves (Lair:1)
  2 ogres (D:5)
  2 centaurs
  A phantom (D:5)
  4 elf zombies (Ossuary)
  9 bullfrogs
  2 kobold brigands
  A scorpion (D:6)
  A wyvern skeleton (D:7)
  8 wights
  34 killer bees
  5 howler monkeys
  12 centaur zombies
  A bullfrog zombie (D:7)
  2 human zombies (Ossuary)
  10 hounds
  A jelly (D:7)
  An orc priest (D:12)
  Crazy Yiuf (D:3)
  Jessica (D:3)
  4 iguanas
  10 orc wizards
  A hound skeleton (D:5)
  3 mummies (Ossuary)
  2 howler monkey zombies
  Robin (D:3)
  7 adders
  A shadow imp (D:5)
  2 white imps
  An ufetubus (D:5)
  A dart slug (D:4)
  17 orcs
  7 bats
  6 endoplasms
  4 giant cockroaches
  9 hobgoblins
  5 jackals
  17 kobolds
  4 quokkas
  8 ball pythons
  4 frilled lizards
  13 goblins
  2 rats
306 creatures vanquished.

Vanquished Creatures (others)
  An orc warrior (D:9)
  An orc priest (D:9)
  3 orcs
  5 fungi
  5 plants (Lair:1)
15 creatures vanquished.

Grand Total: 321 creatures vanquished

Notes
Turn   | Place    | Note
-------+----------+-------------------------------------------
     0 | D:1      | Theed the Hill Orc Monk began the quest for the Orb.
     0 | D:1      | Reached XP level 1. HP: 19/19 MP: 1/1
   325 | D:1      | Reached XP level 2. HP: 25/27 MP: 2/2
   635 | D:1      | Reached skill level 1 in Armour
  1120 | D:2      | Reached XP level 3. HP: 32/33 MP: 3/3
  1154 | D:2      | Found a faded altar of an unknown god.
  1481 | D:2      | Reached XP level 4. HP: 29/41 MP: 4/4
  1812 | D:3      | Found a hazy altar of Hepliaklqana.
  1853 | D:3      | Reached skill level 5 in Axes
  1861 | D:3      | Noticed Jessica
  1866 | D:3      | Killed Jessica
  1917 | D:3      | Found an opulent altar of Gozag.
  1956 | D:3      | Identified the +0 helmet of Misanthropy {rElec rF+ Int+4}
  1956 | D:3      | Noticed Robin
  2010 | D:3      | Killed Robin
  2011 | D:3      | Reached XP level 5. HP: 13/47 MP: 5/5
  2485 | D:3      | Found a runed translucent door.
  2486 | D:3      | Noticed Crazy Yiuf
  2516 | D:3      | Found a sacrificial altar of Ru.
  2517 | D:3      | Found a shimmering altar of Xom.
  2517 | D:3      | Found a burning altar of Makhleb.
  2525 | D:3      | Reached skill level 5 in Fighting
  3176 | D:3      | Killed Crazy Yiuf
  3177 | D:3      | Reached skill level 1 in Shields
  3539 | D:4      | Found a stormy altar of Qazlal.
  3585 | D:4      | Reached XP level 6. HP: 54/56 MP: 6/6
  4723 | D:5      | Entered Level 5 of the Dungeon
  4723 | D:5      | Found a sand-covered staircase.
  4738 | Ossuary  | Entered an ossuary
  4817 | Ossuary  | Reached skill level 6 in Axes
  4817 | Ossuary  | Reached XP level 7. HP: 20/61 MP: 7/7
  5403 | Ossuary  | Reached skill level 7 in Axes
  6168 | D:5      | Reached XP level 8. HP: 49/71 MP: 8/8
  6338 | D:5      | Reached skill level 5 in Armour
  6676 | D:5      | Reached skill level 8 in Axes
  6997 | D:5      | Noticed Prince Ribbit
  7934 | D:6      | Reached XP level 9. HP: 68/81 MP: 9/9
  8035 | D:6      | Reached skill level 9 in Axes
  8570 | D:6      | Found a staircase to the Ecumenical Temple.
  9171 | D:7      | Identified the +1 ring mail "Uziv" {+Inv rN++ Int-2 Dex+3}
  9179 | D:7      | Reached skill level 10 in Axes
 10229 | D:8      | Reached XP level 10. HP: 93/93 MP: 10/10
 10376 | D:8      | Reached skill level 10 in Fighting
 10752 | D:8      | Noticed Maurice
 10923 | D:8      | Found Watoq's Weapon Emporium.
 11381 | D:8      | Found a glowing silver altar of Zin.
 11381 | D:8      | Noticed an angel
 11576 | D:9      | Reached skill level 11 in Axes
 11731 | D:9      | Noticed Maggie
 11766 | D:9      | Became a worshipper of Beogh the Brigand
 11766 | D:9      | Reached * piety under Beogh
 11766 | D:9      | Reached ** piety under Beogh
 11789 | D:9      | Killed Maggie
 12691 | D:9      | Reached skill level 12 in Axes
 13138 | D:9      | Reached XP level 11. HP: 89/102 MP: 11/11
 13139 | D:9      | Reached skill level 10 in Armour
 14695 | D:8      | Killed Maurice
 14799 | D:10     | Entered Level 10 of the Dungeon
 14905 | D:10     | Found a shimmering blue altar of Sif Muna.
 14922 | D:10     | Found an ancient bone altar of Kikubaaqudgha.
 14944 | D:10     | Got Kikubaaqudgha's Catalogue of Evil
 14955 | D:10     | Found a radiant altar of Vehumet.
 15101 | D:10     | Noticed a two-headed ogre
 15112 | D:10     | Killed a two-headed ogre
 15113 | D:10     | Reached skill level 13 in Axes
 15504 | D:10     | Identified the +5 hunting sling "Pimaorgh" {vorpal, rPois
                  | rN+}
 15520 | D:10     | Noticed Fannar
 15524 | D:10     | Reached skill level 1 in Invocations
 15966 | D:10     | Found a staircase to the Lair.
 16126 | D:10     | Found a portal to a secret trove of treasure.
 16226 | D:10     | Noticed Psyche
 16232 | D:10     | Killed Psyche
 18093 | D:12     | Noticed a two-headed ogre
 18121 | D:12     | Killed a two-headed ogre
 18264 | D:12     | Noticed a salamander
 18320 | Lair:1   | Entered Level 1 of the Lair of Beasts
 18347 | Lair:1   | Noticed an eight-headed hydra
 18366 | Lair:1   | Killed a four-headed hydra
 18367 | Lair:1   | Reached XP level 12. HP: 38/113 MP: 13/15
 18653 | Lair:1   | Found a runed translucent door.
 18654 | Lair:1   | Noticed IBeShadow's ghost (novice MiCK)
 18654 | Lair:1   | Identified the +2 trident of Ybruwk {antimagic, +Blink
                  | rCorr Str+2}
 18674 | Lair:1   | Reached *** piety under Beogh
 18981 | Lair:1   | Reached skill level 5 in Invocations
 19027 | Lair:1   | Found a hide-covered altar of Uskayaw.
 19284 | Lair:1   | Reached skill level 14 in Axes
 20087 | Lair:1   | Noticed an eight-headed hydra
 20100 | Lair:1   | Killed a two-headed hydra
 20649 | D:12     | Found the +3 salamander hide armour {Flames rF++ rC--}
 21408 | D:12     | Killed from afar by Fannar

Illustrated notes

Levels and vault maps discovered:
D:1:      psy_arrival_basics, layout_basic
D:2:      layout_rooms, ebering_ecumenical_altar_sacrificial
D:3:      minmay_octagon_keep, layout_basic, grunt_gozag_breadcrumbs,
          lemuel_crystal_altar, chequers_temple_overflow_statue_of_worship,
          uniq_crazy_yiuf_cottage, uniq_jessica, uniq_robin
D:4:      layout_layer_cave, mainiacjoe_overflow_catwalk, lemuel_flame_loot_1
D:5:      wad_river_or_something, layout_basic, enter_ossuary_1,
          chequers_serial_rivers_small_a, minmay_misc_feat_x,
          uniq_prince_ribbit1
D:6:      layout_basic, minmay_temple_entry_from_below_a, minmay_quadrilaterals
D:7:      layout_basic, dk_noncrumbling_3, minmay_hedge_maze
D:8:      layout_layer_cave, zin_angel, chequers_decorated_corner,
          corexii_checkpoint_a, nicolae_take_the_stairs, uniq_maurice
D:9:      layout_grid_maze, special_room [special_room_bee], uniq_maggie
D:10:     layout_basic, palyth_temple_overflow_mages, david_lair_generic,
          trove_entry_hex_spiral, minmay_holes, uniq_psyche, uniq_fannar
D:11:     layout_roguey
D:12:     layout_irregular_city, kennysheep_orc_monster_closet_entryway,
          hellmonk_guarded_unrand_salamander, uniq_snorg
Lair:1:   layout_small_grid, ebering_ghost_funeral_grove, basic_altar

Skill      XL: |  1  2  3  4  5  6  7  8  9 10 11 12 |
---------------+-------------------------------------+-----
Armour         | 1 2 3 4 6 8 9 11 12 | 12.2
Fighting       | 4 5 6 8 9 11 12 13 | 13.6
Axes           | 5 6 7 8 10 12 13 14 | 14.6
Shields        | 1 4 |  4.0
Invocations    | 4 7 |  7.4
Dodging        | |  2.4
Stealth        | |  1.5

Action                   |  1- 3 |  4- 6 |  7- 9 | 10-12 || total
-------------------------+-------+-------+-------+-------++-------
Melee: Hand axe          |    99 |   228 |       |       ||   327
       War axe           |       |       |   404 |    73 ||   477
       Broad axe         |       |       |       |   590 ||   590
Invok: Convert to Beogh  |       |       |       |     1 ||     1
       Smiting           |       |       |       |     3 ||     3
Evoke: Wand              |       |       |       |    12 ||    12
  Use: Scroll            |     4 |     2 |    12 |    10 ||    28
       Potion            |       |     3 |       |     8 ||    11
 Stab: Invisible         |       |     2 |       |     2 ||     4
       Paralysed         |       |       |       |     1 ||     1
Armor: Scale mail        |    28 |    46 |   129 |       ||   203
       Ring mail         |    13 |    53 |       |       ||    66
       Chain mail        |       |       |    48 |    19 ||    67
       Plate armour      |       |       |       |   435 ||   435
Dodge: Dodged            |    73 |   107 |   174 |   321 ||   675
       Repelled          |       |       |     3 |     5 ||     8
Block: Buckler           |       |       |    78 |   206 ||   284
